 Dungeon Crawl Stone Soup version 0.20.1-1-g8b1a95d (console) character file.

1179 bli the Skirmisher (level 8, -1/68 HPs)
             Began as a Red Draconian Wanderer on July 16, 2017.
             Was a Follower of Fedhas.
             Succumbed to mike2R's ghost's poison
             ... on level 8 of the Dungeon.
             The game lasted 00:30:50 (5316 turns).

bli the Skirmisher (Red Draconian Wanderer)         Turns: 5316, Time: 00:30:50

Health: -1/68      AC:  8    Str: 19    XL:     8   Next: 18%
Magic:  15/15      EV: 10    Int: 14    God:    Fedhas [*.....]
Gold:   141        SH:  0    Dex: 11    Spells: 15/16 levels left

rFire    + . .     SeeInvis +   a - +1 trident (protect)
rCold    . . .     Gourm    .   (no shield)
rNeg     . . .     Faith    .   (armour unavailable)
rPois    .         Spirit   .   (helmet restricted)
rElec    .         Reflect  .   (no cloak)
rCorr    .         Harm     +   j - +1 pair of gloves
MR       .....     Clarity  +   (no boots)
Stlth    +.........             g - amulet of harm
Regen    0.3/turn               o - ring of see invisible
MPRegen  0.2/turn               G - -2 ring of evasion (curse)

@: lethally poisoned (-1 -> -31), short of breath
A: breathe fire, unfitting armour, clarity, clever 1, fire resistance 1, strong
1, cold-blooded, AC +6
a: Breathe Fire, Fungal Bloom, Evolution, Renounce Religion


You were on level 8 of the Dungeon.
You worshipped Fedhas.
Fedhas was aware of your devotion.
You were hungry.

You visited 1 branch of the dungeon, and saw 8 of its levels.

You collected 339 gold pieces.
You spent 198 gold pieces at shops.

Inventory:

Hand Weapons
 a - a +1 trident of protection (weapon)
 b - a +2 war axe of freezing
 d - a +0 club
 l - a +0 dagger of pain
 n - a +0 spear
 K - a +0 trident
 T - a +0 war axe
Armour
 j - a +1 pair of gloves (worn)
Jewellery
 g - an amulet of harm (around neck)
 o - a ring of see invisible (left hand)
 G - a cursed -2 ring of evasion (right hand)
 P - an uncursed amulet of harm
Wands
 w - a wand of scattershot (2/9)
 I - a wand of random effects (18/48)
 R - a wand of confusion (15/48)
 W - a wand of enslavement (12/24)
Scrolls
 e - 5 scrolls of remove curse
 h - 6 scrolls of enchant armour {unknown}
 k - 2 scrolls of noise {unknown}
 m - a scroll of random uselessness {unknown}
 p - 4 scrolls of teleportation {unknown}
 y - 2 scrolls of blinking {unknown}
 C - a scroll of summoning {unknown}
 D - a scroll of recharging
 F - 3 scrolls of identify
 M - a scroll of magic mapping {unknown}
 S - a scroll of amnesia {unknown}
 U - a scroll of fear {unknown}
Potions
 c - 3 potions of lignification
 r - 2 potions of curing
 s - 2 potions of ambrosia {unknown}
 t - 4 potions of mutation
 u - a potion of haste {unknown}
 x - a potion of might {unknown}
 z - a potion of magic {unknown}
 E - a potion of resistance
 J - 2 potions of agility {unknown}
 L - 2 potions of flight {unknown}
 O - a potion of heal wounds {unknown}
 Q - a potion of cancellation {unknown}
Books
 v - a book of Misfortune

   Spells                             Type                      Level
   a - Confusing Touch                Hexes                        1
   b - Confuse                        Hexes                        3
   c - Gell's Gravitas                Translocation                3
   d - Petrify                        Transmutation/Earth          4
   e - Metabolic Englaciation         Hexes/Ice                    5
   f - Yara's Violent Unravelling     Hexes/Transmutation          5
 A - the Tome of Confrontation

   Spells                             Type                      Level
   a - Sting                          Conjuration/Poison           1
   b - Dazzling Spray                 Conjuration/Hexes            3
 H - a book of Misfortune

   Spells                             Type                      Level
   a - Confusing Touch                Hexes                        1
   b - Confuse                        Hexes                        3
   c - Gell's Gravitas                Translocation                3
   d - Petrify                        Transmutation/Earth          4
   e - Metabolic Englaciation         Hexes/Ice                    5
   f - Yara's Violent Unravelling     Hexes/Transmutation          5
 N - a book of Cantrips

   Spells                             Type                      Level
   a - Confusing Touch                Hexes                        1
   b - Animate Skeleton               Necromancy                   1
   c - Summon Small Mammal            Summoning                    1
   d - Apportation                    Translocation                1
Comestibles
 f - 4 bread rations
 i - 5 royal jellies
 q - 2 meat rations
 B - 5 fruits


   Skills:
 * Level 5.1 Fighting
 + Level 4.5(4.7) Axes
 + Level 1.0(3.0) Maces & Flails
 + Level 1.7(3.3) Polearms
 + Level 2.7 Dodging
 + Level 4.9 Spellcasting
 - Level 2.0 Conjurations
   Level 1.0 Translocations
   Level 2.0 Air Magic
 - Level 2.1 Poison Magic
 + Level 0.2 Invocations
 + Level 2.3 Evocations


You had 15 spell levels left.
You knew the following spells:

 Your Spells              Type           Power        Failure   Level  Hunger
a - Sting                 Conj/Pois      #...         8%          1    None


Dungeon Overview and Level Annotations

Branches:
Dungeon (8/15)             Temple (0/1) D:6
   Lair: D:8-11

Altars:
Fedhas
Nemelex Xobeh
Qazlal
Xom

Shops:
D:5 *

Annotations:
D:8 mike2R's ghost, novice DEFE


Innate Abilities, Weirdness & Mutations

You can breathe blasts of fire.
Your fiery red scales are hard. (AC +6)
You cannot fit into any form of body armour.
Your flesh is heat resistant. (rF+)
You are cold-blooded and may be slowed by cold attacks.
You possess an exceptional clarity of mind.
Your mind is acute. (Int +2)
Your muscles are strong. (Str +2)


Message History

Your wandering mushroom misses mike2R's ghost. x2
Attack whom?
Press: ? - help, Dir - move target cursor, f/p - mike2R's ghost
Aim: mike2R's ghost, wielding a weapon of venom (severely damaged)
You reach to attack!
You closely miss mike2R's ghost.
Mike2R's ghost is severely damaged.
* * * LOW HITPOINT WARNING * * *
You feel very sick.
Mike2R's ghost hits your wandering mushroom.
Your wandering mushroom misses mike2R's ghost.
Your wandering mushroom barely misses mike2R's ghost.
You swap places.
* * * LOW HITPOINT WARNING * * *
You feel very sick.
Mike2R's ghost hits your wandering mushroom.
Your wandering mushroom is poisoned.
Your wandering mushroom completely misses mike2R's ghost.
Your wandering mushroom closely misses mike2R's ghost.
You die...
Fedhas appreciates your contribution to the ecosystem.

#
#############...#
#......Wf....#
........f###.#
.!.....ff@.#
.........f##
........fff#
...........#
#.........##
...........
############


You could see mike2R's ghost and 8 friendly wandering mushrooms.

Vanquished Creatures
  A sky beast (D:7)
  A big kobold (D:7)
  2 bullfrogs
  Dowan (D:6)
  A water moccasin skeleton (D:5)
  A crimson imp (D:7)
  A jelly (D:6)
  2 bullfrog skeletons
  A hound (D:5)
  An iguana (D:5)
  3 worker ants
  8 adders
  A gnoll (D:4)
  A shadow imp (D:6)
  An ooze (D:2)
  An adder skeleton (D:7)
  An adder zombie (D:5)
  3 worms
  2 leopard geckos
  8 orcs
  3 giant cockroaches
  11 goblins
  6 hobgoblins
  8 jackals (D:3)
  A quokka (D:5)
  8 bats
  3 frilled lizards
  7 kobolds
  A quokka skeleton (D:4)
  5 rats
94 creatures vanquished.

Vanquished Creatures (collateral kills)
  Duvessa (D:6)
  A centaur (D:7)
  A big kobold (D:7)
  A scorpion (D:7)
  A gnoll shaman (D:4)
  An orc priest (D:4)
  An iguana (D:4)
  4 orc wizards (D:4)
  A hound skeleton (D:6)
  2 gnolls (D:4)
  4 adders
  An ooze (D:3)
  2 leopard geckos
  3 orcs (D:4)
  2 kobolds
  A quokka skeleton (D:7)
27 creatures vanquished.

Vanquished Creatures (others)
  54 toadstools
54 creatures vanquished.

Grand Total: 175 creatures vanquished

Notes
Turn   | Place    | Note
-------+----------+-------------------------------------------
     0 | D:1      | bli the Draconian Wanderer began the quest for the Orb.
     0 | D:1      | bli set off with: a wand of confusion (15/48), the Tome of Confrontation, a potion of lignification, a +0 club, a bread ration
     0 | D:1      | Reached XP level 1. HP: 16/16 MP: 3/3
     0 | D:1      | Identified the Tome of Confrontation
     2 | D:1      | Learned a level 1 spell: Sting
   454 | D:1      | Reached XP level 2. HP: 23/23 MP: 3/5
   891 | D:2      | Found a faded altar of an unknown god.
   931 | D:2      | Became a worshipper of Fedhas Madash
   931 | D:2      | Reached * piety under Fedhas
   944 | D:2      | Reached XP level 3. HP: 16/28 MP: 2/7
  1041 | D:2      | Found a sparkling altar of Nemelex Xobeh.
  1262 | D:2      | Reached XP level 4. HP: 36/36 MP: 0/8
  1343 | D:2      | Reached skill level 2 in Fighting
  1519 | D:3      | Reached skill level 1 in Conjurations
  1705 | D:3      | Reached skill level 1 in Dodging
  1848 | D:3      | Reached skill level 1 in Poison Magic
  1886 | D:3      | Found a shimmering altar of Xom.
  2024 | D:4      | Reached XP level 5. HP: 34/42 MP: 3/9
  2030 | D:4      | Reached skill level 1 in Polearms
  2476 | D:4      | Reached skill level 3 in Fighting
  2571 | D:4      | Reached XP level 6. HP: 27/51 MP: 4/11
  2949 | D:5      | Entered Level 5 of the Dungeon
  3104 | D:5      | Found a stormy altar of Qazlal.
  3238 | D:5      | Found Meur's General Store.
  3241 | D:5      | Bought a scroll of identify for 22 gold pieces
  3241 | D:5      | Bought 2 potions of mutation for 176 gold pieces
  3241 | D:5      | Gained mutation: You possess an exceptional clarity of mind. [potion of mutation]
  3241 | D:5      | Gained mutation: Your mind is acute. (Int +2) [potion of mutation]
  3241 | D:5      | Gained mutation: Your muscles are strong. (Str +2) [potion of mutation]
  3408 | D:5      | Your scales start taking on a fiery red colour.
  3408 | D:5      | Reached XP level 7. HP: 38/58 MP: 11/13
  3408 | D:5      | Gained mutation: Your flesh is heat resistant. (rF+) [Red Draconian growth]
  3502 | D:5      | Found a stormy altar of Qazlal.
  3686 | D:6      | Found a staircase to the Ecumenical Temple.
  3865 | D:6      | Reached skill level 4 in Fighting
  3961 | D:6      | Noticed Duvessa
  3963 | D:6      | Noticed Dowan
  3971 | D:6      | Killed Duvessa
  3976 | D:6      | Killed Dowan
  4507 | D:7      | HP: 2/60 [centaur/arrow (12)]
  4910 | D:7      | Reached skill level 1 in Maces & Flails
  4910 | D:7      | Reached XP level 8. HP: 67/67 MP: 12/15
  4953 | D:7      | Reached skill level 5 in Fighting
  5296 | D:8      | Noticed mike2R's ghost (novice DEFE)
  5315 | D:8      | HP: 1/68 [poisoned by mike2R's ghost]
  5316 | D:8      | Succumbed to mike2R's ghost's poison

Skill      XL: |  1  2  3  4  5  6  7  8 |
---------------+-------------------------+-----
Spellcasting   | 3 4 |  4.9
Fighting       | 2 3 4 5 |  5.1
Conjurations   | 1 2 |  2.0
Dodging        | 1 2 |  2.7
Poison Magic   | 1 2 |  2.1
Polearms       | 1 |  1.7
Axes           | 4 |  4.5
Maces & Flails | 1 |  1.0
Translocations | |  1.0
Air Magic      | |  2.0
Invocations    | |  0.2
Evocations     | |  2.3

Action                   |  1- 3 |  4- 6 |  7- 9 || total
-------------------------+-------+-------+-------++-------
Melee: Club              |    21 |       |       ||    21
       Tailslap          |     4 |    14 |     6 ||    24
       Spear             |    26 |   128 |       ||   154
       War axe           |       |    38 |    34 ||    72
       Trident           |       |       |    35 ||    35
 Cast: Sting             |    39 |    83 |    56 ||   178
Invok: Fungal Bloom      |     7 |    15 |     7 ||    29
       Evolution         |       |     8 |       ||     8
 Abil: Breathe Fire      |       |       |     1 ||     1
Evoke: Wand              |       |       |     1 ||     1
  Use: Scroll            |       |     4 |       ||     4
       Potion            |       |     1 |       ||     1
 Stab: Confused          |       |     1 |       ||     1
  Eat: Chunk             |     2 |     9 |     5 ||    16
Armor: Skin              |    15 |    44 |    22 ||    81
Dodge: Dodged            |    32 |   120 |    35 ||   187
